CAL (WIN)
MYRTLE BEACH PELICANS @ JUPITER HAMMERHEADS
12/29/2045
 
TOP OF THE 1ST
Myrtle Beach Pelicans batting - Pitching for Jupiter Hammerheads : RHP Pharamond Lestrange
Pitching: RHP Pharamond Lestrange
Batting: RHB Rich Thurman 0-0: Ball
1-0: DOUBLE (Line Drive, 3D, EV 95.0 MPH)
Batting: LHB Angel Oropeza 0-0: Ball
1-0: Ball
2-0: Hit by Pitch
Batting: RHB Mike Savage 0-0: Ball
1-0: Called Strike
1-1: Ball
2-1: DOUBLE (Flyball, 8RXD, EV 106.2 MPH)
Rich Thurman scores
Angel Oropeza to third
Batting: RHB Jose Balderrama 0-0: Called Strike
0-1: Ball
1-1: Ball
2-1: Foul Ball, location: 2F
2-2: Ball
3-2: Foul Ball, location: 2F
3-2: Base on Balls
Batting: LHB Mark Ingram 0-0: Called Strike
0-1: Swinging Strike
0-2: Ball
1-2: Ball
2-2: Ball
3-2: Fly out, F7 (Line Drive, 8LM, EV 106.9 MPH)
Runner from 3rd tags up, OUT at HOME! 7-2
Mike Savage to third
Jose Balderrama to second
Batting: RHB Khalil Stephens 0-0: Ball
Wild Pitch!
Mike Savage scores
Jose Balderrama to third
1-0: DOUBLE (Line Drive, 7LD, EV 104.4 MPH)
Jose Balderrama scores
Batting: RHB Brad Santanello 0-0: Ball
1-0: Swinging Strike
1-1: Ball
2-1: Foul Ball, location: 2F
2-2: Foul Ball, location: 2F
2-2: Ball
3-2: Strikes out looking
Top of the 1st over - 3 runs, 3 hits, 0 errors, 1 left on base; Myrtle Beach 3 - Jupiter 0
BOTTOM OF THE 1ST
Jupiter Hammerheads batting - Pitching for Myrtle Beach Pelicans : RHP Nicolai Volnov
Pitching: RHP Nicolai Volnov
Batting: RHB Tom Thompson 0-0: Swinging Strike
0-1: Ball
1-1: Ball
2-1: Fly out, F7 (Line Drive, 78M, EV 103.1 MPH)
Batting: RHB Len Graham 0-0: Ball
1-0: Ball
2-0: Fly out, F8 (Flyball, 8LM, EV 85.6 MPH)
Batting: RHB Isaiah Brockman 0-0: Called Strike
0-1: Foul Ball, location: 2F
0-2: Strikes out looking
Bottom of the 1st over - 0 runs, 0 hits, 0 errors, 0 left on base; Myrtle Beach 3 - Jupiter 0
TOP OF THE 2ND
Myrtle Beach Pelicans batting - Pitching for Jupiter Hammerheads : RHP Pharamond Lestrange
Batting: RHB Armando Vilano 0-0: Ball
1-0: Ball
2-0: Ball
3-0: Called Strike
3-1: SINGLE (Groundball, 6MD, EV 95.0 MPH)
Batting: LHB Wing-tat Tai 0-0: SINGLE (Groundball, 4MD, EV 99.4 MPH)
Armando Vilano to second
Runner from 2nd tries for 3rd, SAFE, throw by CF made to third
Batting: RHB Rich Thurman 0-0: Called Strike
0-1: DOUBLE (Line Drive, 7LD, EV 104.4 MPH)
Armando Vilano scores
Wing-tat Tai to third
Batting: LHB Angel Oropeza 0-0: Called Strike
0-1: Foul Ball, location: 2F
0-2: Hit by Pitch
Batting: RHB Mike Savage 0-0: Foul Ball, location: 2F
0-1: Foul Ball, location: 2F
0-2: Ball
1-2: Foul Ball, location: 2F
1-2: Foul Ball, location: 2F
1-2: Strikes out swinging
Batting: RHB Jose Balderrama 0-0: Called Strike
0-1: Foul Ball, location: 2F
0-2: Foul Ball, location: 2F
0-2: Foul Ball, location: 2F
0-2: Ball
1-2: Foul Ball, location: 2F
1-2: Fly out, F8 (Flyball, 8LM, EV 97.5 MPH)
Runner from 3rd tags up, SCORES, throw by CF
Batting: LHB Mark Ingram 0-0: Ball
1-0: SINGLE (Line Drive, 78S, EV 95.0 MPH)
Rich Thurman to third
Angel Oropeza to second
Runner from 3rd tries for Home, SAFE, throw by LF to home
Pitching: RHP Reinaart Meyer
Batting: RHB Khalil Stephens 0-0: Ball
1-0: Ball
2-0: Called Strike
2-1: TRIPLE (Flyball, 89XD, EV 109.4 MPH)
Angel Oropeza scores
Mark Ingram scores
Batting: RHB Brad Santanello 0-0: Ball
1-0: Ball
2-0: Called Strike
2-1: Foul Ball, location: 2F
2-2: Strikes out swinging
Top of the 2nd over - 5 runs, 5 hits, 0 errors, 1 left on base; Myrtle Beach 8 - Jupiter 0
BOTTOM OF THE 2ND
Jupiter Hammerheads batting - Pitching for Myrtle Beach Pelicans : RHP Nicolai Volnov
Batting: LHB Adam Durgin 0-0: Ball
1-0: Foul Ball, location: 2F
1-1: Foul Ball, location: 2F
1-2: Foul Ball, location: 2F
1-2: Foul Ball, location: 2F
1-2: Foul Ball, location: 2F
1-2: Strikes out swinging
Batting: RHB Jim Fisher 0-0: Ground out 4-3 (Groundball, 4, EV 86.9 MPH)
Batting: LHB Mike Kara 0-0: Foul Ball, location: 2F
0-1: Called Strike
0-2: Ground out 6-3 (Groundball, 6MS, EV 86.9 MPH)
Bottom of the 2nd over - 0 runs, 0 hits, 0 errors, 0 left on base; Myrtle Beach 8 - Jupiter 0
TOP OF THE 3RD
Myrtle Beach Pelicans batting - Pitching for Jupiter Hammerheads : RHP Reinaart Meyer
Batting: RHB Armando Vilano 0-0: Ball
1-0: Foul Ball, location: 2F
1-1: Called Strike
1-2: Ball
2-2: DOUBLE (Line Drive, 9LM, EV 104.4 MPH)
Batting: LHB Wing-tat Tai 0-0: Called Strike
0-1: Ball
1-1: Ground out 4-3 (Groundball, 4, EV 91.2 MPH)
Armando Vilano to third
Batting: RHB Rich Thurman 0-0: Swinging Strike
0-1: Ground out 3-1 (Groundball, 34S, EV 83.8 MPH)
Armando Vilano scores
Batting: LHB Angel Oropeza 0-0: Ball
1-0: Ball
2-0: Called Strike
2-1: Foul Ball, location: 2F
2-2: Strikes out swinging
Top of the 3rd over - 1 run, 1 hit, 0 errors, 0 left on base; Myrtle Beach 9 - Jupiter 0
BOTTOM OF THE 3RD
Jupiter Hammerheads batting - Pitching for Myrtle Beach Pelicans : RHP Nicolai Volnov
Batting: RHB Masumitsu Sugiura 0-0: Called Strike
0-1: Ball
1-1: Ball
2-1: Called Strike
2-2: Strikes out looking
Batting: RHB Andy Kelly 0-0: Foul Ball, location: 2F
0-1: Ball
1-1: Ball
2-1: Ball
3-1: SINGLE (Groundball, 34, EV 100.6 MPH)
Batting: RHB Wei-guo Tsu 0-0: Ball
Andy Kelly steals 2nd base
1-0: Called Strike
1-1: Fly out, F9 (Flyball, 9, EV 82.5 MPH)
Batting: RHB Tom Thompson 0-0: Ball
1-0: Foul Ball, location: 2F
1-1: DOUBLE (Line Drive, 7LM, EV 87.5 MPH)
Andy Kelly scores
Batting: RHB Len Graham 0-0: Ball
1-0: Called Strike
1-1: Foul Ball, location: 2F
1-2: Strikes out swinging
Bottom of the 3rd over - 1 run, 2 hits, 0 errors, 1 left on base; Myrtle Beach 9 - Jupiter 1
TOP OF THE 4TH
Myrtle Beach Pelicans batting - Pitching for Jupiter Hammerheads : RHP Reinaart Meyer
Batting: RHB Mike Savage 0-0: Ground out 6-3 (Groundball, 6, EV 87.5 MPH)
Batting: RHB Jose Balderrama 0-0: Called Strike
0-1: Foul Ball, location: 2F
0-2: Strikes out swinging
Batting: LHB Mark Ingram 0-0: Ball
1-0: Foul Ball, location: 2F
1-1: Swinging Strike
1-2: Strikes out swinging
Top of the 4th over - 0 runs, 0 hits, 0 errors, 0 left on base; Myrtle Beach 9 - Jupiter 1
BOTTOM OF THE 4TH
Jupiter Hammerheads batting - Pitching for Myrtle Beach Pelicans : RHP Nicolai Volnov
Batting: RHB Isaiah Brockman 0-0: Swinging Strike
0-1: Swinging Strike
0-2: Strikes out looking
Batting: LHB Adam Durgin 0-0: Ball
1-0: Ball
2-0: Called Strike
2-1: Ball
3-1: Foul Ball, location: 2F
3-2: Base on Balls
Batting: RHB Jim Fisher 0-0: Ball
1-0: Ball
2-0: Ball
3-0: Called Strike
3-1: Swinging Strike
3-2: Base on Balls
Adam Durgin to second
Batting: LHB Mike Kara 0-0: Swinging Strike
0-1: Fly out, F9 (Line Drive, 89M, EV 94.4 MPH)
Batting: RHB Masumitsu Sugiura 0-0: Called Strike
0-1: Ball
1-1: Ball
2-1: SINGLE (Line Drive, 8LS, EV 106.2 MPH)
Adam Durgin to third
Jim Fisher to second
Batting: RHB Andy Kelly 0-0: Called Strike
0-1: Ball
1-1: Ground out 4-3 (Groundball, 4S, EV 89.4 MPH)
Bottom of the 4th over - 0 runs, 1 hit, 0 errors, 3 left on base; Myrtle Beach 9 - Jupiter 1
TOP OF THE 5TH
Myrtle Beach Pelicans batting - Pitching for Jupiter Hammerheads : RHP Reinaart Meyer
Batting: RHB Khalil Stephens 0-0: Ball
1-0: Ball
2-0: Fly out, F8 (Flyball, 78M, EV 75.6 MPH)
Batting: RHB Brad Santanello 0-0: Ball
1-0: Ball
2-0: SINGLE (Groundball, 4M, EV 98.8 MPH)
Batting: RHB Armando Vilano 0-0: DOUBLE (Line Drive, 9LD, EV 100.6 MPH)
Brad Santanello to third
Runner from 3rd tries for Home, SAFE, throw by RF to home
Batting: LHB Wing-tat Tai 0-0: Swinging Strike
0-1: Ball
1-1: Ball
2-1: SINGLE (Flyball, 89S, EV 91.9 MPH)
Armando Vilano to third
Runner from 3rd tries for Home, SAFE, throw by RF to home
Batting: RHB Rich Thurman 0-0: Ball
1-0: Foul Ball, location: 2F
1-1: Ball
2-1: Foul Ball, location: 2F
2-2: Foul Ball, location: 2F
2-2: Foul Ball, location: 2F
2-2: Ball
3-2: SINGLE (Groundball, 56S, EV 75.6 MPH) (infield hit)
Wing-tat Tai to second
Batting: LHB Angel Oropeza 0-0: Ball
1-0: Called Strike
1-1: Ball
Wild Pitch!
Wing-tat Tai to third
Rich Thurman to second
2-1: Foul Ball, location: 2F
2-2: Ball
3-2: Ground out 6-3 (Groundball, 4M, EV 86.9 MPH)
Wing-tat Tai scores
Rich Thurman to third
Batting: RHB Mike Savage 0-0: Called Strike
0-1: Called Strike
0-2: Ball
1-2: Ball
2-2: Strikes out swinging
Top of the 5th over - 3 runs, 4 hits, 0 errors, 1 left on base; Myrtle Beach 12 - Jupiter 1
BOTTOM OF THE 5TH
Jupiter Hammerheads batting - Pitching for Myrtle Beach Pelicans : RHP Nicolai Volnov
Batting: RHB Wei-guo Tsu 0-0: DOUBLE (Line Drive, 9LM, EV 103.1 MPH)
Batting: RHB Tom Thompson 0-0: Ball
1-0: Ball
2-0: Called Strike
2-1: Ball
3-1: Foul Ball, location: 2F
3-2: Fly out, F7 (Flyball, 7, EV 86.9 MPH)
Batting: RHB Len Graham 0-0: Called Strike
0-1: Called Strike
0-2: Ball
1-2: Ball
2-2: Ball
3-2: Base on Balls
Batting: RHB Isaiah Brockman 0-0: Ball
1-0: Ball
2-0: Ball
3-0: Called Strike
3-1: Called Strike
3-2: Fly out, F7 (Flyball, 78D, EV 90.6 MPH)
Batting: LHB Adam Durgin 0-0: Fly out, F8 (Flyball, 8LXD, EV 85.6 MPH)
Bottom of the 5th over - 0 runs, 1 hit, 0 errors, 2 left on base; Myrtle Beach 12 - Jupiter 1
TOP OF THE 6TH
Myrtle Beach Pelicans batting - Pitching for Jupiter Hammerheads : RHP Reinaart Meyer
Pitching: LHP Will Devitt
Batting: RHB Jose Balderrama 0-0: Called Strike
0-1: Ball
1-1: Fly out, F5 (Popup, 5SF, EV 63.8 MPH)
Batting: LHB Mark Ingram 0-0: Ball
1-0: Swinging Strike
1-1: Ball
2-1: Swinging Strike
2-2: Ball
3-2: Strikes out swinging
Batting: RHB Khalil Stephens 0-0: Ground out 6-3 (Groundball, 6, EV 88.8 MPH)
Top of the 6th over - 0 runs, 0 hits, 0 errors, 0 left on base; Myrtle Beach 12 - Jupiter 1
BOTTOM OF THE 6TH
Jupiter Hammerheads batting - Pitching for Myrtle Beach Pelicans : RHP Nicolai Volnov
Batting: RHB Jim Fisher 0-0: Ball
1-0: Fly out, F4 (Popup, 4M, EV 74.4 MPH)
Batting: LHB Mike Kara 0-0: Called Strike
0-1: Called Strike
0-2: Ball
1-2: Foul Ball, location: 2F
1-2: Fly out, F8 (Flyball, 8LS, EV 83.8 MPH)
Batting: RHB Masumitsu Sugiura 0-0: Ball
1-0: Swinging Strike
1-1: Swinging Strike
1-2: Ball
2-2: Strikes out swinging, 2-3 out at first.
Bottom of the 6th over - 0 runs, 0 hits, 0 errors, 0 left on base; Myrtle Beach 12 - Jupiter 1
TOP OF THE 7TH
Myrtle Beach Pelicans batting - Pitching for Jupiter Hammerheads : LHP Will Devitt
Pinch Hitting: LHB Adam Conover 0-0: Ball
1-0: Ball
2-0: Called Strike
2-1: Swinging Strike
2-2: Strikes out swinging
Batting: RHB Armando Vilano 0-0: Foul Ball, location: 2F
0-1: Ball
1-1: Called Strike
1-2: DOUBLE (Groundball, 5L, EV 101.9 MPH)
Batting: LHB Wing-tat Tai 0-0: Called Strike
0-1: Fly out, F8 (Flyball, 8LM, EV 90.0 MPH)
Pinch Hitting: LHB Kwang-chih Men 0-0: Ball
1-0: Ball
2-0: Called Strike
2-1: Foul Ball, location: 2F
2-2: Foul Ball, location: 2F
2-2: Strikes out swinging
Top of the 7th over - 0 runs, 1 hit, 0 errors, 1 left on base; Myrtle Beach 12 - Jupiter 1
BOTTOM OF THE 7TH
Jupiter Hammerheads batting - Pitching for Myrtle Beach Pelicans : RHP Nicolai Volnov
Now at 1B: Kwang-chih Men
Now at 3B: Adam Conover
Batting: RHB Andy Kelly 0-0: Swinging Strike
0-1: Foul Ball, location: 2F
0-2: Strikes out swinging
Batting: RHB Wei-guo Tsu 0-0: Called Strike
0-1: Ball
1-1: Ground out 6-3 (Groundball, 6MS, EV 81.2 MPH)
Batting: RHB Tom Thompson 0-0: Ground out 5-3 (Groundball, 56, EV 100.0 MPH)
Bottom of the 7th over - 0 runs, 0 hits, 0 errors, 0 left on base; Myrtle Beach 12 - Jupiter 1
TOP OF THE 8TH
Myrtle Beach Pelicans batting - Pitching for Jupiter Hammerheads : LHP Will Devitt
Batting: LHB Angel Oropeza 0-0: Called Strike
0-1: SINGLE (Groundball, 4MD, EV 93.8 MPH)
Pinch Hitting: RHB Jonathan Sotelo 0-0: Ball
1-0: Ball
2-0: SINGLE (Groundball, 6MD, EV 96.9 MPH)
Angel Oropeza to second
Batting: RHB Jose Balderrama 0-0: Ball
1-0: Foul Ball, location: 2F
1-1: Foul Ball, location: 2F
1-2: Ball
2-2: Ball
3-2: DOUBLE (Line Drive, 8RXD, EV 108.8 MPH)
Angel Oropeza scores
Jonathan Sotelo to third
Batting: LHB Mark Ingram 0-0: Foul Ball, location: 2F
0-1: Ball
1-1: Ball
2-1: SINGLE (Flyball, 7LS, EV 95.6 MPH)
Jonathan Sotelo scores
Jose Balderrama to third
Runner from 3rd tries for Home, SAFE, throw by LF to home
Pitching: RHP Pedro Taveras
Pinch Hitting: RHB David Barnard 0-0: Ball
1-0: Ball
2-0: Ball
3-0: Called Strike
3-1: Base on Balls
Mark Ingram to second
Batting: LHB Adam Conover 0-0: Called Strike
0-1: Called Strike
0-2: Ball
1-2: Ball
2-2: Fielders Choice at 2nd, 5-4 (Groundball, 56, EV 101.9 MPH)
Mark Ingram to third
Batting: RHB Armando Vilano 0-0: Called Strike
0-1: Swinging Strike
0-2: Fielders Choice at 2nd, 4-6 (Groundball, 34, EV 98.8 MPH)
Mark Ingram scores
Pinch Hitting: RHB Han-seung Hah 0-0: Foul Ball, location: 2F
0-1: Ball
1-1: Called Strike
1-2: Strikes out swinging
Top of the 8th over - 4 runs, 4 hits, 0 errors, 1 left on base; Myrtle Beach 16 - Jupiter 1
BOTTOM OF THE 8TH
Jupiter Hammerheads batting - Pitching for Myrtle Beach Pelicans : RHP Nicolai Volnov
Pitching: RHP Jake Newman
Now at SS: Leonardo Nava
Now in CF: David Barnard
Now in RF: Jonathan Sotelo
Batting: RHB Len Graham 0-0: Ball
1-0: Fly out, F9 (Flyball, 89S, EV 85.0 MPH)
Batting: RHB Isaiah Brockman 0-0: Ball
1-0: Ball
2-0: Called Strike
2-1: Foul Ball, location: 2F
2-2: SINGLE (Line Drive, 78M, EV 101.2 MPH)
Batting: LHB Adam Durgin 0-0: Swinging Strike
0-1: Fly out, F8 (Line Drive, 8RD, EV 95.6 MPH)
Batting: RHB Jim Fisher 0-0: Ground out 3-1 (Groundball, 34S, EV 91.2 MPH)
Bottom of the 8th over - 0 runs, 1 hit, 0 errors, 1 left on base; Myrtle Beach 16 - Jupiter 1
TOP OF THE 9TH
Myrtle Beach Pelicans batting - Pitching for Jupiter Hammerheads : RHP Pedro Taveras
Pinch Hitting: LHB Emir Jalil 0-0: Ball
1-0: Called Strike
1-1: Called Strike
1-2: Ball
2-2: Ball
3-2: Ground out 4-3 (Groundball, 4, EV 105.6 MPH)
Batting: LHB Angel Oropeza 0-0: Foul Ball, location: 2F
0-1: Foul Ball, location: 2F
0-2: Ball
1-2: Strikes out swinging
Batting: RHB Jonathan Sotelo 0-0: Swinging Strike
0-1: Foul Ball, location: 2F
0-2: Foul Ball, location: 2F
0-2: Foul Ball, location: 2F
0-2: Ball
1-2: Strikes out swinging
Top of the 9th over - 0 runs, 0 hits, 0 errors, 0 left on base; Myrtle Beach 16 - Jupiter 1
BOTTOM OF THE 9TH
Jupiter Hammerheads batting - Pitching for Myrtle Beach Pelicans : RHP Jake Newman
Now at 1B: Shuan-yan Wu
Batting: LHB Mike Kara 0-0: Called Strike
0-1: Foul Ball, location: 2F
0-2: Ball
1-2: Ball
2-2: Ball
3-2: Base on Balls
Batting: RHB Masumitsu Sugiura 0-0: Called Strike
0-1: Swinging Strike
0-2: Foul Ball, location: 2F
0-2: Strikes out swinging
Batting: RHB Andy Kelly 0-0: Ball
1-0: Called Strike
1-1: Fly out, F8 (Flyball, 8LM, EV 84.4 MPH)
Batting: RHB Wei-guo Tsu 0-0: Ball
1-0: Called Strike
1-1: Ball
2-1: Swinging Strike
2-2: Strikes out swinging
Bottom of the 9th over - 0 runs, 0 hits, 0 errors, 1 left on base; Myrtle Beach 16 - Jupiter 1
Wednesday, June 22nd , 2022 - OOTP Baseball 23.4 Build 64